 Dungeon Sprint DCSS version 0.31-a0-799-g6bc09d010c (webtiles) character file.

Game seed: 14900225846203162124

2112 Revguard the Mimic (level 9, -1/84 HPs)
             Began as a Black Draconian Shapeshifter on Sept 19, 2023.
             Was an Initiate of Jiyva.
             Slain by a brown ugly thing (4 damage)
             ... while petrified by a basilisk
             ... in the Dungeon (Sprint V: "Ziggurat Sprint").
             The game lasted 00:04:40 (502 turns).

Revguard the Mimic (Black Draconian Shapeshifter)    Turns: 502, Time: 00:04:40

Health: -1/84      AC: -1    Str: 19    XL:     9   Next: 8%
Magic:  9/9        EV:  2    Int: 13    God:    Jiyva [......]
Gold:   0          SH:  0    Dex: 19    Spells: 8/8 levels left

rFire   + .          .
                       - Unarmed
rCold   . . .        F - orb {mayhem}
rNeg    + + +        (body armour unavailable)
rPois   ∞            (helmet currently unavailable)
rElec   +            (cloak currently unavailable)
rCorr   .            (gloves currently unavailable)
SInv    .            (boots currently unavailable)
Will    .....        (no amulet)
Stlth   ++           w - +6 ring of dexterity
HPRegen 0.34/turn    t - ring of Wytask {Drain +Blink rF+ Int+3}
MPRegen 0.11/turn

%: no teleportation, mayhem
@: short of breath, beast-form, petrified, corroded
A: beast (slay +4), breathe lightning, AC +7, unfitting armour, electricity
resistance, cold-blooded
a: Breathe Lightning, Begin Untransformation, Renounce Religion, Evoke Blink


You were in the Dungeon.
You worshipped Jiyva.
Jiyva was noncommittal.
You were a hulking beast.
You visited 1 branch

Inventory:

Armour
 F - an orb of mayhem (worn)
Jewellery
 t - the ring of Wytask (right hand) {Drain +Blink rF+ Int+3}
   (You found it in the Dungeon)

   [ring of protection from fire]

   Int+3:     It affects your intelligence (+3).
   rF+:       It protects you from fire.
   +Blink:    It lets you blink.
   Drain:     It drains your maximum health when unequipped.
 v - a ring of flight
 w - a +6 ring of dexterity (left hand)
 x - a +6 ring of dexterity
 y - a +6 ring of intelligence
 z - a +6 ring of intelligence
 A - a +6 ring of strength
 B - a +6 ring of strength
Talismans
 b - a beast talisman (active)
 c - a flux talisman
 C - a blade talisman
 D - a maw talisman
 E - a serpent talisman
Wands
 s - a wand of mindburst (5)
Scrolls
 i - 2 scrolls of blinking
 m - 4 scrolls of enchant weapon
 o - 4 scrolls of amnesia
 p - 7 scrolls of fog
 q - 5 scrolls of identify
 r - 2 scrolls of fear
Potions
 a - a potion of lignification
 d - 10 potions of curing
 e - 8 potions of heal wounds
 f - 6 potions of haste
 g - 7 potions of magic
 h - 3 potions of berserk rage
 j - 2 potions of brilliance
 k - 2 potions of invisibility
 l - 4 potions of resistance
 n - 5 potions of might
Miscellaneous
 u - a lightning rod (4/4)


   Skills:
 + Level 9.5 Fighting
 + Level 8.1 Dodging
 + Level 8.9 Unarmed Combat
 + Level 8.3 Evocations
 * Level 11.6 Shapeshifting


You had 8 spell levels left.
You didn't know any spells.
Your spell library was empty.

Dungeon Overview and Level Annotations

Branches:
Dungeon (1/1)

Altars:
Ashenzari
Cheibriados
Dithmenos
Elyvilon
Fedhas
Gozag
Hepliaklqana
Kikubaaqudgha
Makhleb
Nemelex Xobeh
Okawaru
Qazlal
Ru
Sif Muna
Trog
Uskayaw
Vehumet
Wu Jian
Xom
Yredelemnul
Zin
The Shining One
Jiyva
Lugonu

Annotations:
D 1 transporter


Innate Abilities, Weirdness & Mutations

You are a hulking beast.
Your limbs bulge with bestial killing power. (Slay +4)
You are immune to poison.
You can breathe wild blasts of lightning.
Your glossy black scales are hard. (AC +7)
You cannot fit into any form of body armour.
You are resistant to electric shocks. (rElec)
You are cold-blooded and may be slowed by cold attacks.


Message History

The basilisk gazes at you.
You are slowing down.
Aiming: Thunderbolt
Press: ? - help, Shift-Dir - straight line, f/p - brown ugly thing
Aim: a brown ugly thing (moderately wounded)
The thunderbolt hits the worm!
The worm is almost dead.
The thunderbolt hits the brown ugly thing!!
The brown ugly thing is severely wounded.
The thunderbolt hits the basilisk!!
You kill the basilisk!
The red ugly thing basks in the mutagenic energy from its kin and changes!
Your limbs are stiffening.
Your lightning rod (4/4) has regained two charges.
You hit the brown ugly thing. You tail-slap the brown ugly thing.
The brown ugly thing is severely wounded.
The brown ugly thing completely misses you.
You have turned to stone.
The brown ugly thing engulfs you! The acid corrodes you!
You are splashed with acid!
The brown ugly thing engulfs you!
You are splashed with acid.
The brown ugly thing engulfs you! The acid corrodes you!
You are splashed with acid.
The brown ugly thing gores you.
You are splashed with acid.
The worm bites you! The brown ugly thing engulfs you!
You are splashed with acid!
The brown ugly thing gores you.
You are splashed with acid.
The brown ugly thing engulfs you!
You are splashed with acid!
* * * LOW HITPOINT WARNING * * *
The brown ugly thing gores you!
* * * LOW HITPOINT WARNING * * *
You are splashed with acid!
* * * LOW HITPOINT WARNING * * *
The worm completely misses you.
The brown ugly thing basks in the mutagenic energy from its kin and changes!
The brown ugly thing gores you!
* * * LOW HITPOINT WARNING * * *
You are splashed with acid!
* * * LOW HITPOINT WARNING * * *
The worm barely misses you. The brown ugly thing gores you!
You die...

▓▓▓▓▓▓▓▓▓▓▓▓▓▓▓▓▓▓▓
▓.8©8.▓.8©8.▓.8©8.▓
▓.}}=.▓..[..▓.....▓
▓../..▓.....▓...).▓
▓.....▓)....▓.....▓
▓.....▓.....▓.....▓
▓.wuu.▓...).▓..©..▓
▓..h..▓..©..▓▓▓▓▓▓▓
▓▓▓▓▓▓▓▓▓▓▓▓▓


You could see 2 ugly things and a worm.

Vanquished Creatures
  2 starcursed masses (D)
  2 draconians (D)
  A basilisk (shapeshifter) (D)
  An iron imp (D)
6 creatures vanquished.

Vanquished Creatures (collateral kills)
  A draconian (D)
1 creature vanquished.

Vanquished Creatures (others)
  An azure jelly (D)
  A very ugly thing (D)
  A bunyip (shapeshifter) (D)
  A two-headed ogre (shapeshifter) (D)
  A shining eye (D)
  2 ugly things (D)
  An unseen horror (shapeshifter) (D)
  A meliai (shapeshifter) (D)
  A tarantella (shapeshifter) (D)
  A polar bear (shapeshifter) (D)
  A hornet (shapeshifter) (D)
  A jumping spider (shapeshifter) (D)
  2 slime creatures (D)
  2 neqoxecs (D)
  A human (shapeshifter) (D)
  4 jellies (D)
22 creatures vanquished.

Grand Total: 29 creatures vanquished

Notes
Turn   | Place    | Note
-------+----------+-------------------------------------------
     0 | D        | Revguard the Draconian Shapeshifter began the quest for the
                  | Orb.
     0 | D        | Reached XP level 1. HP: 16/16 MP: 1/1
     0 | D        | Found a blossoming altar of Fedhas.
     0 | D        | Found the +6 Majin-Bo {spellvamp, MP+6 Int+6}
     0 | D        | Found the +27 heavy crossbow "Sniper" {heavy, Acc+∞ SInv}
     0 | D        | Found the +10 dark maul {heavy}
     0 | D        | Found the +15 Maxwell's patent armour {-Cast -Tele rElec
                  | Will+ rCorr}
     0 | D        | Found the +18 shield of the Gong {Loud rN+ Will+ rCorr
                  | EV-5}
     0 | D        | Found the +16 obsidian axe {drain, demonic, Mesm Drain Fly
                  | SInv}
     0 | D        | Found the +7 great mace "Firestarter" {flame, immolate,
                  | rFlCloud rF++}
     0 | D        | Found the +6 shillelagh "Devastator" {shatter}
     0 | D        | Found the +11 plutonium sword {Contam Stlth-}
     0 | D        | Found the +8 lance "Wyrmbane" {slay drac, rPois rF+ rC+
                  | AC+3}
     0 | D        | Found the +9 sword of Zonguldrok {reap}
     0 | D        | Found the +13 scythe of Curses {drain, curses, Drain}
     0 | D        | Found the +9 sword of Power {lifebolt}
     0 | D        | Found the +7 mace of Variability {chaos, chaos arc}
     0 | D        | Found the +11 Singing Sword {sonic wave}
     0 | D        | Found the +8 storm bow {elec, penet}
     1 | D        | Found a shimmering blue altar of Sif Muna.
     1 | D        | Found a sacrificial altar of Ru.
     1 | D        | Found a bloodstained altar of Trog.
     1 | D        | Found a stormy altar of Qazlal.
     1 | D        | Found an iron altar of Okawaru.
     1 | D        | Found a sparkling altar of Nemelex Xobeh.
     3 | D        | Found a transporter.
     3 | D        | Found an ancient bone altar of Kikubaaqudgha.
     3 | D        | Found a viscous altar of Jiyva.
     3 | D        | Found a corrupted altar of Lugonu.
     3 | D        | Found a hazy altar of Hepliaklqana.
     3 | D        | Found a burning altar of Makhleb.
     3 | D        | Found an opulent altar of Gozag.
    49 | D        | Became a worshipper of Jiyva Jeubuops the Shapeless
    50 | D        | Killed a slime creature
    50 | D        | Killed an azure jelly
    51 | D        | Killed a polar bear
    51 | D        | Killed a human
    54 | D        | Killed a green ugly thing
    55 | D        | Killed a slime creature
    58 | D        | Killed a bunyip
    60 | D        | Killed an unseen horror
    61 | D        | Reached skill level 4 in Shapeshifting
    61 | D        | Reached XP level 2. HP: 26/26 MP: 2/2
    63 | D        | Killed a brown very ugly thing
    66 | D        | Killed a two-headed ogre
    67 | D        | Entered arena 2.
    67 | D        | Noticed a starcursed mass
    67 | D        | Found a transporter.
    70 | D        | Reached skill level 5 in Shapeshifting
    70 | D        | Reached XP level 3. HP: 28/33 MP: 3/3
    81 | D        | Killed a red ugly thing
    82 | D        | Killed a starcursed mass
    82 | D        | Killed a starcursed mass
    83 | D        | Reached skill level 9 in Shapeshifting
    83 | D        | Reached XP level 4. HP: 19/48 MP: 4/4
    83 | D        | Reached XP level 5. HP: 21/53 MP: 5/5
    83 | D        | Reached XP level 6. HP: 24/61 MP: 6/6
    83 | D        | Your scales start taking on a glossy black colour.
    83 | D        | Reached XP level 7. HP: 27/67 MP: 7/7
    83 | D        | Gained mutation: You are resistant to electric shocks.
                  | (rElec) [Black Draconian growth]
    89 | D        | Killed a tarantella
    95 | D        | Killed a neqoxec
    97 | D        | Killed a jumping spider
   121 | D        | Killed a meliai
   123 | D        | Killed a neqoxec
   148 | D        | Killed a shining eye
   195 | D        | Killed a hornet
   296 | D        | Entered arena 3.
   296 | D        | Noticed a draconian
   296 | D        | Noticed a draconian
   296 | D        | Noticed a draconian
   296 | D        | Found a transporter.
   304 | D        | Killed a draconian
   305 | D        | Reached skill level 10 in Shapeshifting
   305 | D        | Reached XP level 8. HP: 21/75 MP: 8/8
   308 | D        | Killed a draconian
   309 | D        | Reached skill level 11 in Shapeshifting
   310 | D        | Killed a draconian
   311 | D        | Reached XP level 9. HP: 25/83 MP: 9/9
   316 | D        | Got the ring of Wytask {Drain +Blink rF+ Int+3}
   491 | D        | Entered arena 4.
   491 | D        | Noticed a brown ugly thing
   491 | D        | Noticed a red ugly thing
   491 | D        | Found a transporter.
   501 | D        | HP: 3/84 [acid (4)]
   502 | D        | Slain by a brown ugly thing

Illustrated notes

Levels and vault maps discovered:
D:        sprint_v [room_start, room_1, room_2, room_3, room_4, room_5, room_6,
          room_7, room_8, room_9, room_10, room_11, room_12, room_13, room_14,
          room_15, room_16, room_17, room_18, room_19, room_20, room_21,
          room_22, room_23, room_24, room_25, room_26, room_27]

Skill      XL: |  1  2  3  4  5  6  7  8 |
---------------+-------------------------+-----
Fighting       | 3 7 8 9 |  9.5
Dodging        | 3 6 7 8 |  8.1
Unarmed Combat | 4 7 8 |  8.9
Evocations     | 2 3 6 7 8 |  8.3
Shapeshifting  | 4 5 9 10 11 | 11.6

Action                     |  1- 3 |  4- 6 |  7- 9 || total
---------------------------+-------+-------+-------++-------
  Melee: Unarmed           |     2 |       |     3 ||     5
         Tailslap          |       |       |     2 ||     2
Ability: Breathe Lightning |       |       |     2 ||     2
  Evoke: Wand              |    10 |       |     6 ||    16
         Lightning rod     |       |       |     2 ||     2
    Use: Potion            |     3 |       |       ||     3
         Scroll            |       |       |     2 ||     2
 Armour: Skin              |     2 |       |    17 ||    19
  Dodge: Dodged            |     1 |       |     7 ||     8

Table legend: (Time is in decaauts)
 A = Elapsed time spent in this place.
 B = Non-inter-level travel time spent in this place.
 C = Inter-level travel time spent in this place.
 D = Time resting spent in this place.
 E = Time spent auto-exploring this place.
 F = Levels seen in this place.
 G = Mean time per level.
                   A        B        C        D        E       F      G
               +--------+--------+--------+--------+--------+-----+--------+
         Total |    499 |    499 |      0 |    369 |      0 |   1 |  499.0 |
       Dungeon |    499 |    499 |      0 |    369 |      0 |   1 |  499.0 |
               +--------+--------+--------+--------+--------+-----+--------+

Top non-repeatable levels by time:
       D: 499 daAuts
